 Dungeon Crawl Stone Soup version 0.23.2-33-g5129a83184 (webtiles) character file.

Game seed: 9464285903872894533

1999 Kold the Destroyer (level 9, -6/70 HPs)
             Began as a Yellow Draconian Conjurer on July 17, 2019.
             Mangled by a wraith (9 damage)
             ... in an ossuary.
             The game lasted 00:17:04 (6600 turns).

Kold the Destroyer (Yellow Draconian Conjurer)      Turns: 6600, Time: 00:17:04

Health: -6/70      AC: 11    Str: 10    XL:     9   Next: 2%
Magic:  1/15       EV: 13    Int: 24    God:
Gold:   211        SH:  0    Dex: 12    Spells: 5/16 levels left

rFire    . . .     SeeInvis .   j - +2 spear (venom)
rCold    . . .     Gourm    .   (no shield)
rNeg     . . .     Faith    .   (armour unavailable)
rPois    .         Spirit   .   (helmet restricted)
rElec    .         Reflect  .   d - scarf {cloud immunity}
rCorr    +         Harm     .   u - +2 pair of gloves
MR       .....                  z - +0 pair of boots
Stlth    ++........             (no amulet)
HPRegen  0.21/turn              i - ring of wizardry
MPRegen  0.14/turn              (no ring)

@: brilliant, short of breath, slowed, very slow
A: spit acid, unfitting armour, cold-blooded, acid resistance, AC +7
a: Breathe Acid


You were in an ossuary.
You were hungry.

You visited 2 branches of the dungeon, and saw 8 of its levels.
You also visited: Ossuary.

You collected 260 gold pieces.
You spent 49 gold pieces at shops.

Inventory:

Hand Weapons
 e - a +2 short sword of venom
 j - a +2 spear of venom (weapon)
 C - the +1 spear of the Countless Curses {drain, rF+}
   (You found it on level 5 of the Dungeon)

   A truly terrible weapon, it drains the life of those it strikes.
   It protects you from fire.
Armour
 d - a scarf of cloud immunity (worn)
 u - a +2 pair of gloves (worn)
 z - a +0 pair of boots (worn)
Jewellery
 i - a ring of wizardry (left hand)
 s - an uncursed ring of see invisible {unknown}
Wands
 q - a wand of random effects (15)
 v - a wand of polymorph (15)
Scrolls
 a - a scroll of blinking
 f - a scroll of enchant armour
 k - 3 scrolls of noise
 r - 2 scrolls of magic mapping
 t - 3 scrolls of identify
 w - 3 scrolls of remove curse
 x - a scroll of teleportation {unknown}
 y - a scroll of silence
 A - a scroll of random uselessness {unknown}
Potions
 c - a potion of heal wounds {unknown}
 g - a potion of lignification
 h - a potion of haste
 l - a potion of resistance {unknown}
 m - a potion of cancellation
 n - a potion of flight {unknown}
 p - 2 potions of berserk rage
 B - a potion of curing {unknown}
 D - a potion of degeneration
 E - a potion of might {unknown}
 F - a potion of agility
Comestibles
 b - 11 rations


   Skills:
 + Level 3.5 Fighting
 + Level 3.6 Dodging
 - Level 2.0 Stealth
 - Level 0.4 Unarmed Combat
 - Level 4.0 Spellcasting
 - Level 10.0 Conjurations
 + Level 2.8 Hexes


You had 5 spell levels left.
You knew the following spells:

 Your Spells              Type           Power        Failure   Level  Hunger
a - Magic Dart            Conj           ####         1%          1    None
b - Searing Ray           Conj           ######       1%          2    #......
c - Iskenderun's Mystic   Conj           ######..     1%          4    ####...
d - Fulminant Prism       Conj/Hex       ######....   1%          4    ####...

Your spell library contained the following spells:

 Spells                   Type           Power        Failure   Level  Hunger
 Dazzling Spray           Conj/Hex       ######       1%          3    ##.....
 Force Lance              Conj/Tloc      #####...     1%          4    ####...


Dungeon Overview and Level Annotations

Branches:
Dungeon (7/15)             Temple (1/1) D:4

Altars:
Ashenzari
Cheibriados
Dithmenos
Elyvilon
Fedhas
Gozag
Hepliaklqana
Kikubaaqudgha
Makhleb
Nemelex Xobeh
Okawaru
Qazlal
Ru
Sif Muna
Trog
Uskayaw
Vehumet
Wu Jian
Xom
Yredelemnul
Zin
The Shining One

Shops:
D:5 [

Annotations:
D:3 2 transporters, psyvane's ghost, amateur DsWn


Innate Abilities, Weirdness & Mutations

You can spit globs of acid.
Your golden yellow scales are hard. (AC +7)
You cannot fit into any form of body armour.
You are cold-blooded and may be slowed by cold attacks.
You are resistant to acid. (rCorr)


Message History

You hit the wraith but do no damage.
The wraith is almost destroyed.
The wraith hits you.
* * * LOW HITPOINT WARNING * * *
Press: ? - help, Shift-Dir - straight line, f/p - wraith
Aim: a wraith (almost destroyed)
You spit a glob of acid.
The glob of acid misses the wraith.
You are feeling hungry.
The wraith hits you!
* * * LOW HITPOINT WARNING * * *
The wraith drains your vigour!
You feel as though you will be slow longer.
The wraith hits you.
* * * LOW HITPOINT WARNING * * *
The wraith drains your vigour!
You feel as though you will be slow longer.
It was a potion of brilliance.
You feel clever all of a sudden. The wraith hits you!
You die...

#########
.....^.. ......
#..#### #.
#..@W!# .#
#..#+#..####..#
#..#^#........#
..^..........^#
#.......####.^# .
#...8....'.# .# .
#.......####..# ^
#.....^.......# .
.......^........#


You could see a wraith.

Vanquished Creatures
  A steam dragon (D:7)
  A water moccasin (D:6)
  An orc warrior (D:6)
  3 ogres
  2 centaurs
  3 bullfrogs (D:6)
  A water moccasin skeleton (D:4)
  3 crimson imps
  A howler monkey (D:5)
  A bullfrog zombie (D:5)
  2 centaur zombies
  2 jellies (D:5)
  4 hounds
  A quasit (D:5)
  A gnoll shaman (D:4)
  3 orc wizards
  Jessica (D:2)
  2 iguanas
  5 worker ants
  A big kobold zombie (Ossuary)
  A mummy (Ossuary)
  4 gnolls
  8 adders
  A shadow imp (D:5)
  An adder zombie (D:3)
  2 adder skeletons
  4 worms
  8 dart slugs (D:4)
  4 leopard geckos
  9 orcs
  6 giant cockroaches
  5 goblins
  6 hobgoblins
  5 jackals
  4 quokkas
  9 bats
  5 frilled lizards
  3 goblin zombies (Ossuary)
  6 hobgoblin zombies (Ossuary)
  8 kobolds
  2 kobold zombies (Ossuary)
  A leopard gecko skeleton (D:3)
  A quokka skeleton (D:4)
  8 rats
150 creatures vanquished.

Notes
Turn   | Place    | Note
-------+----------+-------------------------------------------
     0 | D:1      | Kold the Draconian Conjurer began the quest for the Orb.
     0 | D:1      | Reached XP level 1. HP: 14/14 MP: 3/3
   410 | D:1      | Reached XP level 2. HP: 19/20 MP: 0/5
  1233 | D:2      | Noticed Jessica
  1241 | D:2      | Killed Jessica
  1241 | D:2      | Reached XP level 3. HP: 25/26 MP: 1/6
  1804 | D:3      | Reached XP level 4. HP: 33/33 MP: 1/7
  1901 | D:3      | Reached skill level 5 in Conjurations
  1905 | D:3      | Learned a level 2 spell: Searing Ray
  1910 | D:3      | Learned a level 4 spell: Iskenderun's Mystic Blast
  2115 | D:3      | Found a transporter.
  2116 | D:3      | Noticed psyvane's ghost (amateur DsWn)
  2120 | D:3      | Noticed an ogre
  2122 | D:3      | Noticed an ogre
  2123 | D:3      | Found a transporter.
  2446 | D:3      | Reached XP level 5. HP: 25/38 MP: 1/9
  2693 | D:4      | Noticed an ogre
  2700 | D:4      | Killed an ogre
  2882 | D:4      | Reached skill level 6 in Conjurations
  2882 | D:4      | Reached XP level 6. HP: 45/45 MP: 1/11
  3383 | D:4      | Reached skill level 7 in Conjurations
  3561 | D:4      | Your scales start taking on a golden yellow colour.
  3561 | D:4      | Reached XP level 7. HP: 36/50 MP: 11/13
  3561 | D:4      | Gained mutation: You are resistant to acid. (rCorr) [Yellow
                  | Draconian growth]
  3915 | D:4      | Found a staircase to the Ecumenical Temple.
  3933 | Temple   | Entered the Ecumenical Temple
  4158 | D:5      | Entered Level 5 of the Dungeon
  4287 | D:5      | Reached skill level 8 in Conjurations
  4583 | D:5      | Reached skill level 9 in Conjurations
  4677 | D:5      | Reached XP level 8. HP: 57/57 MP: 7/14
  4683 | D:5      | Learned a level 4 spell: Fulminant Prism
  4691 | D:5      | Found Ivvyl's Armour Shoppe.
  4699 | D:5      | Bought a +0 pair of boots for 49 gold pieces
  4767 | D:5      | Found a snail-covered altar of Cheibriados.
  4816 | D:5      | Got a crystal spear
  4823 | D:5      | Identified the cursed +1 spear of the Countless Curses
                  | {drain, rF+} (You found it on level 5 of the Dungeon)
  5094 | D:6      | Reached skill level 1 in Fighting
  5221 | D:6      | Found a shattered altar of Ashenzari.
  5221 | D:6      | Found a faded altar of an unknown god.
  5227 | D:6      | Reached skill level 1 in Hexes
  5248 | D:6      | Found an ornate altar of the Wu Jian Council.
  5251 | D:6      | Found a faded altar of an unknown god.
  5256 | D:6      | Found a radiant altar of Vehumet.
  5311 | D:6      | HP: 2/59 [orc wizard/+0 dagger (3)]
  5989 | D:6      | Reached skill level 10 in Conjurations
  6170 | D:7      | Reached XP level 9. HP: 56/70 MP: 5/15
  6261 | D:7      | Found a sand-covered staircase.
  6269 | Ossuary  | Entered an ossuary
  6599 | Ossuary  | HP: 2/70 [wraith (2)]
  6600 | Ossuary  | Mangled by a wraith

Skill      XL: |  1  2  3  4  5  6  7  8 |
---------------+-------------------------+-----
Dodging        | 2 3 |  3.6
Stealth        | 2 |  2.0
Conjurations   | 5 6 7 9 10 | 10.0
Spellcasting   | 3 4 |  4.0
Fighting       | 3 |  3.5
Hexes          | 2 |  2.8
Unarmed Combat | |  0.4

Action                   |  1- 3 |  4- 6 |  7- 9 || total
-------------------------+-------+-------+-------++-------
Melee: Unarmed           |    54 |     3 |       ||    57
       Tailslap          |     6 |     8 |     6 ||    20
       Short sword       |    14 |       |       ||    14
       Spear             |     5 |    65 |    76 ||   146
 Cast: Magic Dart        |    68 |   133 |   184 ||   385
       Searing Ray       |       |     4 |    12 ||    16
       Iskenderun's Myst |       |       |     2 ||     2
 Abil: Breathe Acid      |       |       |     3 ||     3
  Use: Scroll            |       |       |    10 ||    10
       Potion            |       |       |     6 ||     6
 Stab: Sleeping          |       |     1 |       ||     1
  Eat: Chunk             |     4 |     6 |     3 ||    13
       Ration            |       |       |     2 ||     2
Armor: Skin              |    33 |    13 |    51 ||    97
Dodge: Dodged            |    66 |    50 |    85 ||   201
